 Dungeon Crawl Stone Soup version 0.17.1-3-g152610e (webtiles) character file.

133 kaze the Shield-Bearer (level 5, -5/33 HPs)
             Began as a Gargoyle Fighter on Mar 15, 2016.
             Killed by divine providence
             ... invoked by an orc priest
              (11 damage)
             ... on level 3 of the Dungeon.
             The game lasted 00:02:40 (1187 turns).

kaze the Shield-Bearer (Gargoyle Fighter)           Turns: 1187, Time: 00:02:40

Health: -5/33      AC: 12    Str: 21    XL:     5   Next: 16%
Magic:  5/5        EV:  7    Int:  8    God:
Gold:   75         SH:  9    Dex:  9    Spells: 0 memorised, 4 levels left

rFire  . . .     SeeInvis .     a - +0 war axe
rCold  . . .     Clarity  .     b - +0 scale mail
rNeg   + . .     SustAt   .     c - +0 shield
rPois  ∞         Gourm    .     (no helmet)
rElec  +         Spirit   .     s - +0 cloak
rCorr  .         Warding  .     (no gloves)
rMut   .         Stasis   .     (no boots)
MR     .....                    (no amulet)
Stlth  ..........               (no ring)
                                (no ring)

@: not resistant to hostile enchantments, extremely unstealthy
A: negative energy resistance 1, electricity resistance, unbreathing,
petrification resistance, rot immunity, AC +4
a: no special abilities


You were on level 3 of the Dungeon.
You were not hungry.

You visited 1 branch of the dungeon, and saw 3 of its levels.

You collected 75 gold pieces.

Inventory:

Hand Weapons
 a - a +0 war axe (weapon)
Missiles
 n - 6 tomahawks (quivered)
Armour
 b - a +0 scale mail (worn)
 c - a +0 shield (worn)
 s - a +0 cloak (worn)
Jewellery
 f - a cursed +2 ring of protection {unknown}
Scrolls
 j - a scroll of noise {unknown}
 k - a scroll of enchant weapon {unknown}
 l - 2 scrolls of remove curse {unknown}
 q - a scroll of recharging {unknown}
 t - a scroll of enchant armour {unknown}
 u - 2 scrolls of immolation {unknown}
 v - 2 scrolls of identify {unknown}
 x - a scroll of fear {unknown}
Potions
 d - 2 potions of might
 g - a potion of agility {unknown}
 m - a potion of beneficial mutation {unknown}
 o - a potion of cure mutation {unknown}
 p - 2 potions of mutation {unknown}
 r - a potion of curing {unknown}
Comestibles
 e - 4 bread rations
 h - a beef jerky
 i - 2 slices of pizza


   Skills:
 + Level 4.1 Fighting
 + Level 2.5 Axes
 + Level 3.9 Armour
 + Level 0.8 Dodging
 + Level 0.2 Stealth
 + Level 4.3 Shields


You had 4 spell levels left.
You didn't know any spells.

Dungeon Overview and Level Annotations

Branches:
Dungeon (3/15)

Altars:
Yredelemnul


Innate Abilities, Weirdness & Mutations

You are resistant to torment.
Your stone body is resilient (AC +4).
You are immune to poison.
You resist negative energy.
You are resistant to electric shocks.
You can survive without breathing.
You are immune to petrification.
You are immune to rotting.


Message History

You block the gnoll's attack.
You slash the gnoll!
You kill the gnoll!
You barely miss the jackal. You closely miss the jackal.
You block the jackal's attack. x3
The gnoll hits you but does no damage.
The jackal bites you but does no damage.
The gnoll hits you but does no damage. The gnoll barely misses you.
You see here a flail of protection.
Unknown command.
You slash the gnoll!
The gnoll is severely wounded.
You slash the jackal!
You kill the jackal!
The gnoll hits you from afar with a spear.
* * * LOW HITPOINT WARNING * * *
You block the gnoll's attack. You block the jackal's attack.
The orc priest calls down the wrath of Beogh upon you.
Something smites you!
You die...

...# .... ...#
#..# .... #..#
..... #..#
......#.<#
......#h# # .
......#@# .# ..
......#g##.#...
#..Sgg.S....
#...o.......
#.##...........
.......<.....##
.............#
.....#.........
.....#.......o.


You could see an orc priest, 2 gnolls, an adder, a jackal and a hobgoblin.

Vanquished Creatures
  Ijyb (D:2)
  2 gnolls (D:3)
  3 adders (D:2)
  An ooze (D:1)
  A ball python (D:1)
  4 bats
  3 giant cockroaches
  13 goblins
  7 hobgoblins
  6 jackals
  8 kobolds
  2 giant newts
  8 rats
59 creatures vanquished.

Notes
Turn   | Place    | Note
--------------------------------------------------------------
     0 | D:1      | kaze the Gargoyle Fighter began the quest for the Orb.
     0 | D:1      | Reached XP level 1. HP: 14/14 MP: 1/1
    52 | D:1      | Reached XP level 2. HP: 19/19 MP: 2/2
   331 | D:1      | Reached XP level 3. HP: 23/23 MP: 3/3
   344 | D:2      | Found a basalt altar of Yredelemnul.
   685 | D:2      | Reached skill level 4 in Fighting
   691 | D:2      | Reached XP level 4. HP: 29/29 MP: 4/4
   767 | D:2      | Noticed Ijyb
   798 | D:2      | Killed Ijyb
  1173 | D:3      | Reached XP level 5. HP: 33/33 MP: 5/5
  1187 | D:3      | Killed from afar by an orc priest

Action                   |  1- 3 |  4- 6 || total
-------------------------+-------+-------++-------
Melee: War axe           |    92 |    81 ||   173
  Eat: Chunk             |       |     1 ||     1
